 Dungeon Crawl Stone Soup version 0.21.1-1-g345015f (webtiles) character file.

17706 Fang the Cleaver (level 12, -9/77 HPs)
             Began as a Gargoyle Berserker on May 5, 2018.
             Was a High Priest of Trog.
             Mangled by a phantasmal warrior (27 damage)
             ... on level 13 of the Dungeon.
             The game lasted 00:23:48 (13006 turns).

Fang the Cleaver (Gargoyle Berserker)              Turns: 13006, Time: 00:23:49

Health: -9/77      AC: 19    Str: 28    XL:     12   Next: 50%
Magic:  12/12      EV: 17    Int:  9    God:    Trog [*****.]
Gold:   770        SH:  0    Dex: 17    Spells: 11/11 levels left

rFire    . . .     SeeInvis .   H - +9 dire flail of Ambiguity {flame, rC- Dex+3}
rCold    x . .     Gourm    .   (shield currently unavailable)
rNeg     + . .     Faith    .   b - +2 animal skin
rPois    ∞         Spirit   .   w - +2 hat
rElec    +         Reflect  .   C - scarf {cloud immunity}
rCorr    .         Harm     +   u - +0 pair of gloves of Articulation {-Cast rPois Dex+5}
MR       .....     NoCast   +   (no boots)
Stlth    ++++......             l - amulet of harm
HPRegen  0.22/turn              a - +3 ring of strength
MPRegen  0.13/turn              x - +3 ring of protection

@: about to teleport, vulnerable, berserk cooldown, slowed, very slow
A: negative energy resistance 1, electricity resistance, unbreathing,
petrification resistance, rot immunity, AC +8
a: Berserk, Trog's Hand, Brothers in Arms, Burn Spellbooks, Renounce Religion


You were on level 13 of the Dungeon.
You worshipped Trog.
Trog was extremely pleased with you.
You were very hungry.

You visited 2 branches of the dungeon, and saw 14 of its levels.

You collected 770 gold pieces.

Inventory:

Hand Weapons
 v - a +5 hand axe of holy wrath
 H - the +9 dire flail of Ambiguity (weapon) {flame, rC- Dex+3}
   (Trog gifted it to you on level 11 of the Dungeon)

   It has been specially enchanted to burn those struck by it, causing extra
   injury to most foes and up to half again as much damage against particularly
   susceptible opponents.
   It affects your dexterity (+3).
   It makes you vulnerable to cold.
 I - the +8 great sword of Byrosk {drain, Int+3}
   (You found it on level 13 of the Dungeon)

   A truly terrible weapon, it drains the life of those it strikes.
   It affects your intelligence (+3).
Missiles
 A - 6 javelins (quivered)
 E - 3 silver javelins
Armour
 b - a +2 animal skin (worn)
 u - the +0 pair of gloves of Articulation (worn) {-Cast rPois Dex+5}
   (You found it on level 4 of the Dungeon)

   It affects your dexterity (+5).
   It protects you from poison.
   It prevents spellcasting.
 w - a +2 hat (worn)
 C - a scarf of cloud immunity (worn)
Jewellery
 a - a +3 ring of strength (left hand)
 l - an amulet of harm (around neck)
 s - an uncursed amulet of guardian spirit
 x - a +3 ring of protection (right hand)
Wands
 o - a wand of disintegration (23)
 y - a wand of digging (15)
 z - a wand of acid (1)
 F - a wand of paralysis (24)
Scrolls
 d - 7 scrolls of remove curse
 e - a scroll of teleportation
 i - 2 scrolls of magic mapping
 n - 4 scrolls of blinking
 B - a scroll of fog
Potions
 f - 3 potions of magic
 g - 4 potions of curing
 j - a potion of haste
 k - 3 potions of mutation
 m - 4 potions of lignification
 p - 3 potions of flight
 q - 3 potions of agility
 r - 5 potions of brilliance
 t - 2 potions of invisibility
Comestibles
 c - 14 rations


   Skills:
 + Level 9.8 Fighting
 + Level 3.5 Long Blades
 + Level 11.4(12.1) Axes
 + Level 7.5(10.9) Maces & Flails
 + Level 2.2 Armour
 + Level 7.7 Dodging
 + Level 7.5 Stealth


You had 11 spell levels left.
You didn't know any spells.

Dungeon Overview and Level Annotations

Branches:
Dungeon (13/15)            Temple (1/1) D:4            Lair (0/6) D:11
    Orc (0/2) D:12
 Vaults: D:13-14

Altars:
Ashenzari
Cheibriados
Dithmenos
Elyvilon
Fedhas
Gozag
Hepliaklqana
Kikubaaqudgha
Makhleb
Nemelex Xobeh
Okawaru
Qazlal
Ru
Sif Muna
Trog
Uskayaw
Vehumet
Wu Jian
Xom
Yredelemnul
Zin
The Shining One

Annotations:
D:11 exclusion: 2 oklob plants


Innate Abilities, Weirdness & Mutations

You are resistant to torment.
Your stone body is resilient. (AC +8)
You are immune to poison.
You resist negative energy. (rN+)
You are resistant to electric shocks. (rElec)
You can survive without breathing.
You are immune to petrification.
You are immune to rotting.


Message History

You hit the phantasmal warrior. You burn the phantasmal warrior.
The phantasmal warrior is lightly damaged.
The killer bee stings you but does no damage.
The phantasmal warrior hits you.
* * * LOW HITPOINT WARNING * * *
The killer bee closely misses you.
Unknown command.
You closely miss the phantasmal warrior.
The phantasmal warrior is lightly damaged.
The killer bee stings you.
* * * LOW HITPOINT WARNING * * *
The phantasmal warrior barely misses you.
The killer bee barely misses you.
Okay, then.
As you read the scroll of teleportation, it crumbles to dust.
You feel strangely unstable. The killer bee closely misses you.
The killer bee stings you but does no damage.
The phantasmal warrior completely misses you.
The killer bee closely misses you. The phantasmal warrior hits you!!
You die...

######## #.##
........ ...# .
..########..# ..
#.......##..# ...
#######.##..# ...#
#.##..# a..##
#.##..######{oo..#
#..(....?W@yoc##..
####.#######h..##.
#.# ...## #.# ...#
#.. ... #.# .. #.#
. ..#


You could see a phantasmal warrior, a soldier ant, an orc warrior, a centaur, a
hound, a killer bee, an orc priest and an orc.

Vanquished Creatures
  A yaktaur captain (D:13)
  A hydra (D:12)
  Erolcha (D:8)
  A centaur warrior (D:13)
  Erica (D:8)
  4 two-headed ogres
  An unseen horror (D:10)
  Pikel (D:8)
  A deep elf mage (D:13)
  A cyclops (D:9)
  The ghost of oholoko the Bolt Thrower, a novice KoHu (D:5)
  Maurice (D:8)
  Joseph (D:7)
  A gargoyle (D:13)
  4 trolls
  A meliai zombie (D:13)
  A shadow (D:13)
  A spriggan (D:7)
  A wyvern (D:11)
  2 hungry ghosts
  2 vampire mosquitoes (D:10)
  Duvessa (D:7)
  An eye of draining (D:9)
  8 orc warriors
  A sky beast (D:11)
  A slave (D:8)
  A black bear (D:7)
  3 ice beasts
  A necrophage (D:11)
  6 ogres
  10 centaurs
  A crocodile (D:13)
  4 big kobolds
  7 bullfrogs
  A gnoll sergeant (D:10)
  A wyvern zombie (D:6)
  A water moccasin zombie (D:7)
  Dowan (D:7)
  5 scorpions
  16 killer bees
  9 wights
  6 howler monkeys
  5 crimson imps
  A quasit (D:9)
  2 bullfrog skeletons
  6 hounds
  5 jellies
  5 orc priests
  4 orc wizards
  3 iguanas
  6 worker ants
  A hound skeleton (D:7)
  A howler monkey zombie (D:7)
  A worker ant zombie (D:9)
  14 gnolls
  2 howler monkey skeletons
  16 adders
  A worm (D:4)
  2 dart slugs
  5 leopard geckos
  27 orcs
  2 giant cockroaches
  3 goblins
  6 hobgoblins
  6 jackals
  23 kobolds
  5 quokkas
  2 ball pythons
  7 bats
  6 frilled lizards
  A quokka zombie (D:6)
  8 rats
290 creatures vanquished.

Notes
Turn   | Place    | Note
-------+----------+-------------------------------------------
     0 | D:1      | Fang the Gargoyle Berserker began the quest for the Orb.
     0 | D:1      | Reached XP level 1. HP: 14/14 MP: 1/1
   100 | D:1      | Reached XP level 2. HP: 6/19 MP: 2/2
   100 | D:1      | Reached skill level 3 in Axes
  1034 | D:2      | You fall through a shaft for 2 floors!
  1037 | D:4      | Reached XP level 3. HP: 24/24 MP: 3/3
  1092 | D:3      | Reached ** piety under Trog
  1291 | D:3      | Reached XP level 4. HP: 21/29 MP: 4/4
  1472 | D:3      | Reached skill level 1 in Maces & Flails
  1638 | D:3      | Reached XP level 5. HP: 33/33 MP: 5/5
  2274 | D:4      | Found a staircase to the Ecumenical Temple.
  2346 | D:4      | Found a sparkling altar of Nemelex Xobeh.
  2498 | D:4      | Found a shattered altar of Ashenzari.
  2605 | D:4      | Reached *** piety under Trog
  2932 | D:4      | Reached XP level 6. HP: 39/39 MP: 6/6
  2941 | D:4      | Got a pair of brightly glowing gloves
  2947 | D:4      | Identified the +0 pair of gloves of Articulation {-Cast rPois Dex+5} (You found it on level 4 of the Dungeon)
  3424 | D:4      | Noticed an ice beast
  3436 | D:4      | Killed an ice beast
  3436 | D:4      | Reached skill level 1 in Stealth
  3820 | D:5      | Entered Level 5 of the Dungeon
  3838 | D:5      | Reached XP level 7. HP: 25/44 MP: 7/7
  3884 | D:5      | Noticed oholoko's ghost (novice KoHu)
  3899 | D:5      | Killed oholoko's ghost
  3899 | D:5      | Reached skill level 5 in Fighting
  4140 | D:5      | Reached skill level 4 in Axes
  4140 | D:5      | Reached skill level 5 in Maces & Flails
  4140 | D:5      | Reached XP level 8. HP: 33/50 MP: 8/8
  5030 | D:6      | Found an ancient bone altar of Kikubaaqudgha.
  5033 | D:6      | Found a burning altar of Makhleb.
  5033 | D:6      | Found a glowing golden altar of the Shining One.
  5036 | D:6      | Found a stormy altar of Qazlal.
  5574 | D:7      | Reached skill level 5 in Axes
  5694 | D:7      | Reached XP level 9. HP: 41/55 MP: 6/9
  5763 | D:7      | Noticed Joseph
  5780 | D:7      | Killed Joseph
  5780 | D:7      | Reached skill level 6 in Axes
  5807 | D:7      | Reached **** piety under Trog
  5864 | D:7      | Noticed Duvessa
  5864 | D:7      | Noticed Dowan
  5875 | D:7      | Killed Dowan
  5881 | D:7      | Killed Duvessa
  6021 | D:7      | Reached skill level 7 in Axes
  6133 | D:7      | Reached skill level 5 in Dodging
  6769 | D:8      | Noticed Pikel
  6783 | D:8      | Killed Pikel
  6783 | D:8      | Reached skill level 8 in Axes
  6783 | D:8      | Reached skill level 5 in Stealth
  6783 | D:8      | Reached XP level 10. HP: 63/63 MP: 8/10
  6854 | D:8      | Noticed Maurice
  6871 | D:8      | Killed Maurice
  7203 | D:8      | Noticed Erica
  7218 | D:8      | Killed Erica
  7218 | D:8      | Reached skill level 9 in Axes
  7589 | D:9      | Noticed Erolcha
  7599 | D:8      | Killed Erolcha
  7780 | D:9      | Noticed a two-headed ogre
  7792 | D:9      | Killed a two-headed ogre
  8218 | D:9      | Noticed a cyclops
  8231 | D:9      | Killed a cyclops
  8231 | D:9      | Reached skill level 10 in Axes
  8231 | D:9      | Reached XP level 11. HP: 69/69 MP: 6/11
  8340 | D:9      | Reached ***** piety under Trog
  8854 | D:10     | Entered Level 10 of the Dungeon
  9391 | D:10     | Killed an unseen horror
  9602 | D:10     | Noticed a two-headed ogre
  9613 | D:10     | Killed a two-headed ogre
  9707 | D:10     | Received a gift from Trog
  9971 | D:11     | Found a staircase to the Lair.
  9972 | D:11     | Noticed an oklob plant
 10017 | D:11     | Reached skill level 11 in Axes
 10058 | D:11     | Noticed a two-headed ogre
 10068 | D:11     | Killed a two-headed ogre
 10648 | D:11     | Received a gift from Trog
 10651 | D:11     | Got a transparent dire flail {god gift}
 10652 | D:11     | Identified the +9 dire flail of Ambiguity {flame, rC- Dex+3} (Trog gifted it to you on level 11 of the Dungeon)
 10697 | D:11     | Noticed a two-headed ogre
 10702 | D:11     | Paralysed by a kobold for 2 turns
 10710 | D:11     | Killed a two-headed ogre
 10930 | D:11     | Noticed an oklob plant
 11135 | D:11     | Reached XP level 12. HP: 68/76 MP: 10/12
 11659 | Temple   | Entered the Ecumenical Temple
 12374 | D:12     | Noticed an eight-headed hydra
 12382 | D:12     | Killed an eight-headed hydra
 12588 | D:12     | Found a staircase to the Orcish Mines.
 12794 | D:13     | Got a smoking great sword
 12795 | D:13     | Identified the +8 great sword of Byrosk {drain, Int+3} (You found it on level 13 of the Dungeon)
 12911 | D:13     | Reached skill level 1 in Long Blades
 12979 | D:13     | Noticed a centaur warrior
 12992 | D:13     | Killed a centaur warrior
 12994 | D:13     | Noticed a yaktaur captain
 13003 | D:13     | Killed a yaktaur captain
 13006 | D:13     | Mangled by a phantasmal warrior

Skill      XL: |  1  2  3  4  5  6  7  8  9 10 11 12 |
---------------+-------------------------------------+-----
Axes           | 3 4 5 8 10 11 | 11.4
Fighting       | 4 5 6 7 8 9 |  9.8
Dodging        | 2 3 4 5 6 7 |  7.7
Maces & Flails | 1 2 3 5 6 7 |  7.5
Stealth        | 1 2 3 5 6 7 |  7.5
Long Blades    | 3 |  3.5
Armour         | |  2.2

Action                   |  1- 3 |  4- 6 |  7- 9 | 10-12 || total
-------------------------+-------+-------+-------+-------++-------
Melee: Hand axe          |    30 |    14 |   228 |   348 ||   620
       Mace              |    65 |   135 |       |       ||   200
       Dire flail        |       |       |       |   100 ||   100
       Great sword       |       |       |       |    31 ||    31
Invok: Berserk           |       |     4 |     6 |    12 ||    22
       Burn Spellbooks   |       |       |     1 |       ||     1
  Use: Scroll            |       |     9 |    10 |    10 ||    29
       Potion            |       |       |       |     1 ||     1
 Stab: Sleeping          |       |       |     9 |    15 ||    24
       Distracted        |       |       |       |     1 ||     1
  Eat: Chunk             |     1 |    11 |    11 |    18 ||    41
       Ration            |       |       |     1 |     4 ||     5
Armor: Animal skin       |    70 |    67 |    68 |   212 ||   417
Dodge: Dodged            |   109 |   116 |   176 |   342 ||   743
       Rpst.: Great sword |       |       |       |    14 ||    14
